Cogmind - Beta 13 @@@ ROGUE MODE // 2024.04.07 @ 17:59:05 Player: Rocketboy Result: Destroyed by Y-45 Defender with Heavy Assault Rifle Performance ------------- Evolutions (2) 1000 Regions Visited (6) 1200 Robots Destroyed (41) 205 Value Destroyed (892) 892 Prototype IDs (23) 460 Alien Tech Used (0) 0 Bonus (300) 300 TOTAL SCORE: 4057 Bonus ------- Aligned with FarCom 300 Cogmind --------- Core Integrity 0/550 Matter 184/300 Energy 84/100 System Corruption 3% Temperature Cool (9) Movement Core (50) Location -8/Materials Parts ------- > --- POWER (1) -------- (None) > --- PROPULSION (6) --- (None) > --- UTILITY (2) ------ Improved Signal Interpreter > --- WEAPON (2) ------- (None) > --- INVENTORY (5) ---- Nuclear Core PSU Rigger Heavy Flail Peak State ------------ > --- POWER ------------ Nuclear Core > --- PROPULSION ------- Flight Unit Flight Unit Cesium-ion Thruster Surge Thruster > --- UTILITY ---------- Improved Signal Interpreter Hacking Suite > --- WEAPON ----------- Katana Blade Saw > --- INVENTORY -------- Nuclear Core PSU Rigger Heavy Flail [Rating: 24] Favorites ----------- Power Light Nuclear Core Engine Light Ion Engine Power Core Light Nuclear Core Propulsion Flight Unit Leg Aluminum Leg Flight Unit Flight Unit Utility Improved Terrain Scanner Device Improved Terrain Scanner Storage Small Storage Unit Processor Melee Analysis Suite Hackware Hacking Suite Protection Improved Propulsion Shielding Weapon Small Laser Energy Gun Small Laser Launcher Concussive RPG Impact Weapon Heavy Flail Slashing Weapon Mining Claw Build | -11 -10 -9 -9 -9 -8 -8 ------- Run | Yrd Mat Mat Min Exi Min Mat Slots Evolved 4 | . . 2 . . . 2 Power . | . . . . . . . Propulsion 4 | . . 2 . . . 2 Utility . | . . . . . . . Weapon . | . . . . . . . Parts Attached 53 | 8 7 7 1 1 1 28 Power 8 | 1 1 1 . . . 5 Engine 4 | 1 . 1 . . . 2 Core 4 | . 1 . . . . 3 Reactor . | . . . . . . . Propulsion 17 | 2 2 4 . . . 9 Treads . | . . . . . . . Leg 4 | 2 2 . . . . . Wheel . | . . . . . . . Hover . | . . . . . . . Flight 13 | . . 4 . . . 9 Utility 12 | 2 1 2 1 1 1 4 Device 5 | 1 . 1 1 1 . 1 Storage 2 | 1 1 . . . . . Processor 2 | . . . . . 1 1 Hackware 1 | . . . . . . 1 Protection 2 | . . 1 . . . 1 Artifact . | . . . . . . . Weapon 16 | 3 3 . . . . 10 Energy Gun 4 | 3 1 . . . . . Energy Cannon . | . . . . . . . Ballistic Gun . | . . . . . . . Ballistic Cannon . | . . . . . . . Launcher 1 | . . . . . . 1 Special Weapon . | . . . . . . . Impact Weapon 4 | . . . . . . 4 Slashing Weapon 7 | . 2 . . . . 5 Piercing Weapon . | . . . . . . . Special Melee Weapon . | . . . . . . . Unidentified Prototypes . | . . . . . . . Parts Lost 15 | . . . . . . 15 Power . | . . . . . . . Propulsion 10 | . . . . . . 10 Utility 4 | . . . . . . 4 Weapon 1 | . . . . . . 1 Highest Loss Streak 7 | . . . . . . 7 To Critical Strikes . | . . . . . . . Average Slot Usage (%) 93 | . 99 88 100 100 100 80 Engine 6 | . 4 9 11 11 11 5 Core 5 | . 9 1 . . . 1 Leg 13 | . 28 1 . . . . Flight 20 | . . 39 44 44 44 40 Device 11 | . 14 12 22 22 13 . Storage 7 | . 14 1 . . . . Processor 2 | . . . . . 8 8 Protection 1 | . . . . . . 4 Energy Gun 11 | . 23 . . . . . Impact Weapon 1 | . . . . . . 4 Slashing Weapon 10 | . 4 22 22 22 22 12 Naked Turns . | . . . . . . . Heaviest Build 20 | 11 20 11 11 12 12 14 Greatest Support 24 | 20 20 16 16 16 16 24 Greatest Overweight (x) 2 | 2 1 . . . . 1 Average Overweight (x) . | . . . . . . . Largest Inventory Capacity 10 | 8 10 10 5 5 5 5 Average Capacity 6 | 7 8 5 5 5 5 5 Most Carried 10 | 1 10 10 5 5 5 5 Average Carried 5 | . 6 5 5 5 5 4 Final Capacity 10 | 8 10 5 5 5 5 5 Final Carried 10 | 1 10 5 5 5 5 3 Class Distribution -------------------- 33% | Scavenger-Mutant 25% | Mutant 21% | Sprinter 15% | Scavenger-Sprinter Dominant Class ---------------- Scavenger-Mutant | -10/Materials Sprinter | -9/Materials Sprinter | -9/Mines Sprinter | -9/Exiles Sprinter | -8/Mines Scavenger-Sprinter | -8/Materials Resources | -11 -10 -9 -9 -9 -8 -8 ----------- Run | Yrd Mat Mat Min Exi Min Mat Matter Collected 582 | 280 70 70 . . 36 126 Remotely . | . . . . . . . Salvage Created 1432 | 95 515 189 . . 73 560 Parts 98 | 9 39 14 . . 10 26 Haulers Intercepted 2 | . 2 . . . . . Recyclers Shooed 6 | . 6 . . . . . Parts Field Recycled . | . . . . . . . Retrieved Matter . | . . . . . . . Parts Self-Destructed . | . . . . . . . Prevented . | . . . . . . . Kills | -11 -10 -9 -9 -9 -8 -8 ------- Run | Yrd Mat Mat Min Exi Min Mat Combat Hostiles Destroyed 21 | . 8 3 . . . 10 Melee 10 | . . 3 . . . 7 Guns 8 | . 8 . . . . . Classes Destroyed 11 | 2 5 . . . 1 3 Worker 6 | . . . . . 2 4 Tunneler 3 | 2 . . . . 1 . Hauler 2 | . 2 . . . . . Recycler 3 | 1 1 1 . . . . Mechanic 1 | . 1 . . . . . Watcher 5 | . 3 . . . . 2 Swarmer 3 | . 3 . . . . . Cutter 2 | . . . . . . 2 Grunt 12 | . 5 3 . . . 4 Duelist 1 | . . . . . . 1 Sentry 3 | . . . . . . 3 Best Kill Streak 6 | 3 5 4 . . 2 6 Combat Bots Only 4 | . 4 3 . . . 4 Max Kills in Single Turn 1 | 1 1 1 . . 1 1 Gunslinging . | . . . . . . . Exploded . | . . . . . . . Melee 1 | . . 1 . . . 1 Uniques/NPCs Destroyed . | . . . . . . . Combat | -11 -10 -9 -9 -9 -8 -8 -------- Run | Yrd Mat Mat Min Exi Min Mat Hostile Shots Fired 136 | . 43 7 . . . 86 Missed 44 | . 7 3 . . . 34 Damage Taken 1709 | . 407 46 . . . 1256 Core 615 | . 23 34 . . . 558 Absorbed by Shields . | . . . . . . . Redirected to Shielding 104 | . . . . . . 104 Core Remaining (%) 93 | 100 90 . . . 91 . Volleys Fired 70 | 5 64 . . . . 1 Largest 2 | 2 2 . . . . 1 Hottest 80 | 80 80 . . . . . Shots Fired 139 | 10 128 . . . . 1 Gun 138 | 10 128 . . . . . Cannon . | . . . . . . . Launcher 1 | . . . . . . 1 Special . | . . . . . . . Kinetic . | . . . . . . . Thermal 138 | 10 128 . . . . . Explosive 1 | . . . . . . 1 Electromagnetic . | . . . . . . . Robot Hit Streak 10 | 4 10 . . . . 4 Robot Miss Streak 6 | 1 6 . . . . . Penetration Max . | . . . . . . . Secondary Targets 2 | . 2 . . . . . Max Gunslinging Chain 1 | . 1 . . . . . Shots Hit Robots 124 | 7 74 7 . . 3 33 Core Hits 52 | 4 29 3 . . 2 14 Critical Kills . | . . . . . . . Critical Parts Destroyed 2 | . . . . . . 2 Critical Strikes 3 | . . . . . . 3 Smash 2 | . . . . . . 2 Sever 1 | . . . . . . 1 Melee Attacks 87 | . 2 8 . . 3 74 Impact 28 | . . . . . . 28 Slashing 59 | . 2 8 . . 3 46 Piercing . | . . . . . . . Sneak Attacks 7 | . . 1 . . 3 3 Combat Hostiles . | . . . . . . . Follow-up Attacks 5 | . . 2 . . . 3 Damage Inflicted 2843 | 76 866 190 . . 165 1546 Guns 919 | 76 843 . . . . . Cannons 12 | . . . . . . 12 Explosions 69 | . . . . . . 69 Melee 1843 | . 23 190 . . 165 1465 Ramming . | . . . . . . . Kinetic . | . . . . . . . Thermal 919 | 76 843 . . . . . Explosive 69 | . . . . . . 69 Electromagnetic . | . . . . . . . Impact 1071 | . . . . . . 1071 Slashing 784 | . 23 190 . . 165 406 Piercing . | . . . . . . . Highest Corruption 3 | . . 2 2 2 2 3 Average Corruption 2 | . . 2 2 2 2 3 Corruption Purged . | . . . . . . . Corruption Blocked . | . . . . . . . Effects 11 | . . . 2 2 1 6 Message Errors 3 | . . . 2 . 1 . Matter Fused 3 | . . . . 1 . 2 Heat Flow Errors 1 | . . . . . . 1 Energy Discharges 1 | . . . . . . 1 Parts Rejected 1 | . . . . . . 1 Data Loss (minor) 1 | . . . . 1 . . Data Loss (major) 1 | . . . . . . 1 Overload Shots . | . . . . . . . Overflow Damage 446 | . . 18 . . 33 395 Projectiles . | . . . . . . . Explosions . | . . . . . . . Melee 446 | . . 18 . . 33 395 Knockbacks 7 | . . . . . . 7 Impact 6 | . . . . . . 6 Kinetic . | . . . . . . . Secondary 1 | . . . . . . 1 Self-Inflicted Damage . | . . . . . . . Shots . | . . . . . . . Rammed . | . . . . . . . Targets Rammed . | . . . . . . . Kicked . | . . . . . . . Crushed . | . . . . . . . Highest Temperature 390 | 54 390 . . . . 160 Average Temperature 65 | 23 88 . . . . 25 Received Heat Transfer 411 | . 189 24 . . . 198 Effects 4 | . 4 . . . . . Shutdowns 2 | . 2 . . . . . Energy Bleed 1 | . 1 . . . . . Short Circuit 1 | . 1 . . . . . Siege Activations . | . . . . . . . Robots Corrupted . | . . . . . . . Combat Hostiles . | . . . . . . . Parts Fried 3 | . . . . . . 3 Impact Corruptions 14 | . . . . . . 14 Robots Melted . | . . . . . . . Combat Hostiles . | . . . . . . . Parts Melted 1 | . 1 . . . . . Heat Transferred 2100 | 175 1925 . . . . . Parts Sabotaged . | . . . . . . . Parts Stolen . | . . . . . . . Parts Stripped . | . . . . . . . Power Chain Reactions . | . . . . . . . Alert | -11 -10 -9 -9 -9 -8 -8 ------- Run | Yrd Mat Mat Min Exi Min Mat Peak Influence 343 | 15 194 174 67 . 15 343 Initial 70 | . 9 70 67 . . 5 Average 120 | 5 114 118 67 . 7 187 Maximum Alert Level 1 | . . . . . . 1 Low Security (%) 87 | 100 100 100 100 . 100 56 Level 1 12 | . . . . . . 43 Level 2 . | . . . . . . . Level 3 . | . . . . . . . Level 4 . | . . . . . . . Level 5 . | . . . . . . . High Security . | . . . . . . . Max Security . | . . . . . . . Squads Dispatched 4 | . 1 1 . . . 2 Investigation 1 | . . 1 . . . . Extermination . | . . . . . . . Reinforcement 3 | . 1 . . . . 2 Assault . | . . . . . . . Garrison . | . . . . . . . Intercept . | . . . . . . . Searches Triggered . | . . . . . . . Construction Impeded . | . . . . . . . Haulers Reinforced . | . . . . . . . Active Scanning Responses . | . . . . . . . Cargo Convoy Interrupts . | . . . . . . . Stealth | -11 -10 -9 -9 -9 -8 -8 --------- Run | Yrd Mat Mat Min Exi Min Mat Distress Signals 3 | . 1 . . . . 2 Communications Jammed . | . . . . . . . Distress Signals . | . . . . . . . Times Spotted 49 | . 22 3 . . . 24 Peak Tracking Total 8 | . 6 3 . . . 8 Tactical Retreats 5 | . . . . . . 5 Traps | -11 -10 -9 -9 -9 -8 -8 ------- Run | Yrd Mat Mat Min Exi Min Mat Traps Triggered 1 | . . 1 . . . . Indirectly . | . . . . . . . Trap Hack Attempts . | . . . . . . . Triggered . | . . . . . . . Disarmed . | . . . . . . . Reprogrammed . | . . . . . . . Reused . | . . . . . . . Traps Extracted . | . . . . . . . Installed . | . . . . . . . Triggered . | . . . . . . . Machines | -11 -10 -9 -9 -9 -8 -8 ---------- Run | Yrd Mat Mat Min Exi Min Mat Machines Disabled . | . . . . . . . Max in Single Turn . | . . . . . . . Machines Repaired . | . . . . . . . Machines Dismantled . | . . . . . . . Machines Sabotaged . | . . . . . . . Overloaded Fab Kills . | . . . . . . . Hacking | -11 -10 -9 -9 -9 -8 -8 --------- Run | Yrd Mat Mat Min Exi Min Mat Machines Accessed 12 | . 6 3 . 1 . 2 Terminals 10 | . 5 3 . . . 2 Fabricators . | . . . . . . . Repair Stations . | . . . . . . . Recycling Units 1 | . 1 . . . . . Scanalyzers . | . . . . . . . Garrison Access . | . . . . . . . Total Hacks 35 | . 14 11 . 1 . 9 Successful 18 | . 8 4 . 1 . 5 Failed 17 | . 6 7 . . . 4 Catastrophic 4 | . 1 1 . . . 2 Database Lockouts . | . . . . . . . Manual 35 | . 14 11 . 1 . 9 Terminals 32 | . 12 11 . . . 9 Fabricators . | . . . . . . . Repair Stations . | . . . . . . . Recycling Units 2 | . 2 . . . . . Scanalyzers . | . . . . . . . Garrison Access . | . . . . . . . Terminal Hacks 8 | . 2 2 . 1 . 3 Part Schematic 1 | . 1 . . . . . Terminal Index 3 | . 1 1 . . . 1 Fabricator Index 1 | . . 1 . . . . Scanalyzer Index 1 | . . . . . . 1 Locate Traps 1 | . . . . . . 1 Derelict Proto ID Bank 1 | . . . . 1 . . Fabricator Hacks . | . . . . . . . Repair Station Hacks . | . . . . . . . Recycling Unit Hacks . | . . . . . . . Scanalyzer . | . . . . . . . Garrison Access Hacks . | . . . . . . . Unauthorized Hacks 10 | . 6 2 . . . 2 Terminals 9 | . 5 2 . . . 2 Botnet 9 | . 5 2 . . . 2 Fabricators . | . . . . . . . Repair Stations . | . . . . . . . Recycling Units 1 | . 1 . . . . . Reject 1 | . 1 . . . . . Scanalyzers . | . . . . . . . Garrison Access . | . . . . . . . Data Cores Recovered . | . . . . . . . Used . | . . . . . . . Hacking Detections 11 | . 6 3 . . . 2 Full Trace Events 2 | . . 2 . . . . Feedback Events . | . . . . . . . Feedback Blocked . | . . . . . . . Robot Schematics Acquired . | . . . . . . . Robots Built . | . . . . . . . Authchips . | . . . . . . . Time . | . . . . . . . Total Robot Build Rating . | . . . . . . . Part Schematics Acquired 1 | . 1 . . . . . Parts Built . | . . . . . . . Authchips . | . . . . . . . Time . | . . . . . . . Total Part Build Rating . | . . . . . . . Parts Repaired . | . . . . . . . Time . | . . . . . . . Parts Recycled . | . . . . . . . Recycled Matter . | . . . . . . . Retrieved Matter . | . . . . . . . Retrieved Components . | . . . . . . . Parts Scanalyzed . | . . . . . . . Part Schematics Acquired . | . . . . . . . Parts Damaged . | . . . . . . . Bothacking | -11 -10 -9 -9 -9 -8 -8 ------------ Run | Yrd Mat Mat Min Exi Min Mat Used RIF Installer . | . . . . . . . Robots Hacked . | . . . . . . . Non-combat . | . . . . . . . Combat . | . . . . . . . Robot Hacks Applied . | . . . . . . . Relay Couplers Released . | . . . . . . . Fabnet Peak Effective % . | . . . . . . . Robots Rewired . | . . . . . . . Allies Hacked . | . . . . . . . Hacks Repelled . | . . . . . . . Allies | -11 -10 -9 -9 -9 -8 -8 -------- Run | Yrd Mat Mat Min Exi Min Mat Total Allies . | . . . . . . . Largest Group . | . . . . . . . Highest-Rated Group . | . . . . . . . Highest-Rated Ally . | . . . . . . . Total Orders . | . . . . . . . Ally Attacks . | . . . . . . . Total Damage . | . . . . . . . Kills . | . . . . . . . Allies Corrupted . | . . . . . . . Allies Melted . | . . . . . . . Intel | -11 -10 -9 -9 -9 -8 -8 ------- Run | Yrd Mat Mat Min Exi Min Mat Robot Analysis Total . | . . . . . . . Derelict Logs Recovered . | . . . . . . . Drone Launches . | . . . . . . . Drone Recoveries . | . . . . . . . Exploration | -11 -10 -9 -9 -9 -8 -8 ------------- Run | Yrd Mat Mat Min Exi Min Mat Turns Passed 1635 | 83 775 61 71 127 86 432 Spaces Moved 2062 | 46 435 88 221 403 236 633 Core 18 | 13 . . . . . 5 Treads . | . . . . . . . Legs 468 | 33 435 . . . . . Wheels . | . . . . . . . Hover . | . . . . . . . Flight 1576 | . . 88 221 403 236 628 Fastest Speed 25 | 50 120 31 31 31 31 25 Average Speed 50 | 119 121 31 31 31 31 26 Slowest Speed 190 | 150 190 31 31 31 31 100 Overloaded Moves . | . . . . . . . Propulsion Burnouts . | . . . . . . . Robots Hopped . | . . . . . . . Cave-ins Triggered 1 | . . . . . . 1 Exploration Rate (%) 42 | 5 55 10 50 81 70 27 Regions Visited 6 Branch Regions 3 Pre-discovered Areas . | . . . . . . . Known Exits Taken . | . . . . . . . Unknown Exits Taken 6 | 1 1 1 1 1 1 . Scrap Searched 4 | . . . 2 . 2 . Spaces Dug 12 | . . . . . . 12 Terrain Destroyed 16 | . . . . . . 16 Melee 12 | . . . . . . 12 Projectile . | . . . . . . . AOE 4 | . . . . . . 4 Terrain Rammed . | . . . . . . . Walls Destroyed . | . . . . . . . Machines Disabled . | . . . . . . . Actions | -11 -10 -9 -9 -9 -8 -8 --------- Run | Yrd Mat Mat Min Exi Min Mat Total 2368 | 60 551 108 222 404 242 781 Wait 59 | . 20 3 . . . 36 Move 2056 | 45 434 87 220 402 235 633 Hop . | . . . . . . . Pick Up 22 | 1 13 . . . 1 7 Fast Attach 32 | 8 4 2 1 1 1 15 Attach 9 | . . 2 . . . 7 Detach 3 | . . . . . . 3 Swap 12 | . 3 3 . . . 6 Drop 30 | 1 11 5 1 1 2 9 Fire 70 | 5 64 . . . . 1 Melee 75 | . 2 6 . . 3 64 Ram . | . . . . . . . Kick . | . . . . . . . Crush . | . . . . . . . Escape Stasis . | . . . . . . . Rewire . | . . . . . . . Trap . | . . . . . . . Miscellaneous . | . . . . . . . Route ------- -11/Scrapyard -10/Materials -9/Materials (discovered 2 exits: [*Min] / [*Sto]) -9/Mines (discovered 2 exits: *Mat / *Exi) -9/Exiles -8/Mines -8/Materials History --------- Turn | Location | Event 22 | -11/Scrapyard | Discovered new exit (range 14) 84 | -11/Scrapyard | Entered Materials 310 | -10/Materials | Build established: Mutant 624 | -10/Materials | Build established: Scavenger-Mutant 739 | -10/Materials | Discovered new exit (range 15) 859 | -10/Materials | Entered another Materials area 859 | -9/Materials | Evolved 2 slots: Propulsion x2 876 | -9/Materials | Discovered new exit (range 7) 918 | -9/Materials | Discovered new exit (range 9) 920 | -9/Materials | Entered Mines 969 | -9/Mines | Discovered new exit (range 15) 989 | -9/Mines | Deemed a non-threat by the Exiles lab entrance 989 | -9/Mines | Discovered new exit (range 5) 991 | -9/Mines | Entered Exiles 996 | -9/Exiles | Discovered new exit (range 15) 1002 | -9/Exiles | Met 8R-AWN 1007 | -9/Exiles | Met EX-HEX 1018 | -9/Exiles | Met EX-BIN 1022 | -9/Exiles | Aligned with FarCom system 1022 | -9/Exiles | Given EX-Vault access code 1029 | -9/Exiles | Opened EX-Vault 1033 | -9/Exiles | Found PSU Rigger 1041 | -9/Exiles | Warned to stay clear of 0b10 Research branches 1050 | -9/Exiles | Met EX-DEC 1067 | -9/Exiles | Visited The Gauntlet 1118 | -9/Exiles | Left Exiles lab with PSU Rigger 1118 | -9/Exiles | Entered Mines 1201 | -8/Mines | Discovered new exit (range 9) 1204 | -8/Mines | Entered Materials 1204 | -8/Materials | Evolved 2 slots: Propulsion x2 1368 | -8/Materials | Crushed by falling debris 1538 | -8/Materials | Lost 7 parts (4n3u) 1587 | -8/Materials | Core integrity fell below 50% 1633 | -8/Materials | Core integrity fell below 20% 1636 | -8/Materials | Destroyed by Y-45 Defender with Heavy Assault Rifle Last Messages --------------- Acquired Surge Thruster. System corrupted: Substantial component data lost. Acquired Concussive RPG. K-01 Serf collects debris. Concussive RPG expended. G-47 Trooper knocked back. K-01 Serf destroyed. Hacking Suite destroyed. Blade Saw destroyed. Cesium-ion Thruster destroyed. Surge Thruster destroyed. U-05 Engineer lays Concrete. G-47 Trooper destroyed. U-05 Engineer lays Concrete. R-06 Scavenger collects Imp. Heat Sink. U-05 Engineer builds a Wall. U-05 Engineer lays Concrete. Katana severed. U-05 Engineer lays Concrete. Map ----- +----------------------------------------------------+ | ?????????????????????????????????????????????????? | | ?????????????????????????????????????????????????? | | ?????????????????????????????????????????????????? | | ?????????????????????????????????????????????????? | | ?????????????????????????????????????????????????? | | ?????????????????????????????????????????????????? | | ?????????????????????????????????????????????????? | | ?????????????????????????????????????????????????? | | ?????????????????????????????????????????????????? | | ??????????????????????????? ?????????????????????? | | ?????????????????????????# ????????????????????? | | ?????????????????????????# ????????????????????? | | ?????????????????????????# ????????????????????? | | ?????????????????????????# #############+##????? | | ?????????????????????????# t ????? | | ?????????????????????????# ?????? | | ?????????????????????????#"" ! ??????? | | ?????????????????????????#"T """ #??????? | | ?????????????????????????#"" w """"" #??????? | | ?????????????????????????# """"" #??????? | | ??????????? ########### " """ ######## | | ?????????? u """ # | | ?????????? =u c ! | | ?????????? %gg u % # | | ?????????????????########Yl####### ########## # | | ????????????????????## @/r #######?# # # | | ????????????????????# #???????# # # | | ????????????????????## ######### "" +% + | | ?????????????????????# % + w + "T #% # | | ?????????????????????# = ######### "" [!# # | | ?????????????????????# * #???????# !!# # | | ???????????????????### ** * #???????####%### # | | ???????????????????# # * */ #??????????###?# # | | ???????????????????### ** #??????????????# # | | ????????????????????###########??????????????# # | | ?????????????????????????????????????????????# # | | ?????????????????????????????????????????????# # | | ?????????????????????????????????????????????# # | | ?????????????????????????????????????????????# # | | ?????????????????????????????????????????????# # | | ?????????????????????????????????????????????# # | | ??????????????????????????????????############ # | | ??????????????????????????????????# ## # | | ??????????????????????????????????# """" ## # | | ??????????????????????????????????# """" # | | ??????????????????????????????????# """" # | | ??????????????????????????????????# + | | ??????????????????????????????????# # | | ??????????????????????????????????# # ] | | ??????????????????????????????????# ! ## # | +----------------------------------------------------+ Best States ------------- Heat Dissipation 38 Energy Generation 14 Energy Capacity 265 Matter Stores 300 Matter Capacity 300 Sight Range 16 Terrain Scan Range 16 Terrain Scan Density 10 Propulsion Shielding 66 Evasion (%) 73 Melee Accuracy 5 Offensive Hacking 10 Item Schematics ----------------- Flight Unit | -10/Materials | Hacked Robot Schematics ------------------ None Fabricated ------------ Nothing Alien Tech Used ----------------- None Achievements -------------- Can't Catch Me Deadly Force Challenges ------------ None Game ------ Seed PhysicsElectronActivator Manual? 0 Play Time 00:38:51 Cumulative 20.2 hours Start 2024.04.07 @ 11:56:59 End 2024.04.07 @ 17:59:05 Sessions 3 Manual Loads 0 Difficulty Rogue Special Mode None Game No. 35 Rogue 35 Adventurer 0 Explorer 0 Win Type - Total 0 Types 0/0/0/0/0/0/0/0/0 Lore% 19 Gallery% 26 Achievement% 21 Wizard Run 0 Options --------- Layout 1 ASCII 0 Keyboard 0 Movement Mouse Keybinds 0 Fullscreen 1 Font 32/SmallcapsGlow Map View 50x35 Zoom Use 0% Tactical HUD 0 Map Filters NONE Filters NONE Steam 1 RUN: 12ce9ffa-8752-4804-831c-7652602e5db2